 Dungeon Crawl Stone Soup version 0.18.1-8-gdd0e5ea (console) character file.

10 Kloppie the Skirmisher (level 2, 0/25 HPs)
             Began as a Draconian Skald on June 8, 2016.
             Succumbed to an adder's poison
             ... on level 2 of the Dungeon.
             The game lasted 00:01:07 (597 turns).

Kloppie the Skirmisher (Draconian Skald)             Turns: 597, Time: 00:01:07

Health: 0/25       AC:  4    Str: 18 (19) XL:     2   Next: 10%
Magic:  3/5        EV: 12    Int: 10 (12) God:
Gold:   47         SH:  0    Dex:  8 (10) Spells: 1 memorised, 4 levels left

rFire  . . .     SeeInvis .     a - +0 falchion
rCold  . . .     Gourm    .     (armour unavailable)
rNeg   . . .     Faith    .     (no shield)
rPois  .         Spirit   .     (helmet restricted)
rElec  .         Dismiss  .     (no cloak)
rCorr  .         Reflect  .     (no gloves)
SustAt .         Harm     .     (no boots)
MR     .....                    (no amulet)
Stlth  +.........               (no ring)
                                (no ring)

@: mighty, lethally poisoned (0 -> -11), infused, not resistant to hostile
enchantments, very unstealthy
A: unfitting armour, cold-blooded, AC +4
a: no special abilities


You were on level 2 of the Dungeon.
You were not hungry.

You visited 1 branch of the dungeon, and saw 2 of its levels.

You collected 47 gold pieces.

Inventory:

Hand Weapons
 a - a +0 falchion (weapon)
Jewellery
 k - an uncursed ring of sustain attributes {unknown}
 n - an uncursed ring of stealth {unknown}
Scrolls
 d - 2 scrolls of teleportation {unknown}
 l - a scroll of identify {unknown}
Potions
 h - a potion of lignification {unknown}
 i - a potion of agility {unknown}
 j - a potion of degeneration
Books
 b - a book of Battle

   Spells                             Type                      Level
   a - Infusion                       Charms                       1
   b - Shroud of Golubria             Charms/Translocation         2
   c - Song of Slaying                Charms                       2
   d - Spectral Weapon                Hexes/Charms                 3
   e - Regeneration                   Charms/Necromancy            3
Comestibles
 c - 4 bread rations
 f - a meat ration
 g - a beef jerky
 m - 3 chunks of flesh


   Skills:
 + Level 2.7 Fighting
 + Level 2.0 Long Blades
 + Level 1.7 Dodging
 - Level 2.0 Spellcasting
 - Level 2.6 Charms


You had 4 spell levels left.
You knew the following spells:

 Your Spells              Type           Power        Failure   Level  Hunger
a - Infusion              Chrm           #...         12%         1    ##.....


Dungeon Overview and Level Annotations

Branches:
Dungeon (2/15)

Altars:
Nemelex Xobeh


Innate Abilities, Weirdness & Mutations

Your plain brown scales are hard (AC +4).
Your body does not fit into most forms of armour.
You are cold-blooded and may be slowed by cold attacks.


Message History

You closely miss the adder.
Your tail-slap misses the adder.
The adder is moderately wounded.
* * * LOW HITPOINT WARNING * * *
You feel sick. The adder bites you but does no damage. The adder bites you.
* * * LOW HITPOINT WARNING * * *
You slash the adder!
The adder is almost dead.
* * * LOW HITPOINT WARNING * * *
You feel sick. The adder bites you.
* * * LOW HITPOINT WARNING * * *
Drink which item? (? for menu, Esc to quit)
It was a potion of degeneration.
There was something very wrong with that liquid.
You feel weakened.
You feel dopey.
You feel clumsy.
* * * LOW HITPOINT WARNING * * *
You feel sick. The adder closely misses you. x2
Drink which item? (? for menu, Esc to quit)
It was a potion of might.
You feel very mighty all of a sudden.
You die...

...................
.... #.#..............
#........######
...........#
#.#....#.#.#######.###
......................
#.#....#.#.###.###.###
#.#........# #........
#....#.#.# #@##..###
............S......
................###
.........##.##.....
.#.#.... ... .....
#.#. #.# .### # # #.#
. ... ##


You could see an adder.

Vanquished Creatures
  A worm (D:2)
  A hobgoblin (D:1)
  2 kobolds (D:1)
  2 bats (D:1)
  2 giant newts (D:1)
8 creatures vanquished.

Notes
Turn   | Place    | Note
--------------------------------------------------------------
     0 | D:1      | Kloppie the Draconian Skald began the quest for the Orb.
     0 | D:1      | Reached XP level 1. HP: 17/17 MP: 3/3
   406 | D:1      | Found a sparkling altar of Nemelex Xobeh.
   488 | D:2      | Reached XP level 2. HP: 20/25 MP: 5/5
   596 | D:2      | HP: 1/25 [poisoned by an adder]
   597 | D:2      | Succumbed to an adder's poison

Action                   || total
-------------------------++-------
Melee: Falchion          ||    32
       Tailslap          ||     1
 Cast: Infusion          ||     1
  Use: Potion            ||     2
Armor: Skin              ||    12
Dodge: Dodged            ||    16
